Map: Orbital Shipyard

Players

LilDicky - Winner!

  • Race: Terran Terran
  • League: Diamond

ViGiL

  • Race: Zerg Zerg
  • League: Diamond

VOD

http://www.twitch.tv/tumescentpie

Description

Time

  • Played on: Dec. 31, 2015, 12:29 a.m.
  • Length: 24:32
Show
View Real Time Build Order
Export as new Build Order

LilDicky Terran - Winner!

Build Orders: Command Center First (CC), Mech 

Get SALT Encoding   

  12  0:01  SCV  
  13  0:13  SCV  
  14  0:22  Supply Depot  
  14  0:27  SCV  
  15  0:43  SCV  
  16  0:57  Command Center  
  16  1:01  SCV  
  17  1:14  Barracks  
  17  1:16  SCV  
  18  1:30  SCV  
  19  1:42  SCV  
  21  2:03  Marine  
  21  2:05  Orbital Command  
  21  2:07  Command Center  
  21  2:10  Orbital Command  
  21  2:19  Supply Depot  
  21  2:21  Marine  
  22  2:31  SCV, Refinery x2  
  23  2:42  SCV, Marine  
  23  2:43  SCV  
  26  2:54  SCV  
  27  2:59  SCV  
  27  3:03  Marine  
  29  3:06  SCV  
  30  3:15  SCV  
  31  3:23  Refinery  
  31  3:24  Refinery, Orbital Command  
  31  3:27  SCV  
  31  3:29  SCV  
  31  3:30  Factory  
  31  3:31  Barracks Reactor  
  33  3:39  SCV  
  34  3:41  SCV  
  35  3:50  SCV  
  35  3:53  SCV  
  35  3:55  SCV  
  38  4:02  SCV  
  39  4:06  SCV  
  40  4:11  Factory  
  40  4:13  Factory  
  40  4:16  Starport  
  40  4:19  Orbital Command  
  40  4:29  Hellion x2  
  44  4:40  SCV x2  
  46  4:47  Barracks Reactor, SCV  
  46  4:50  Hellion x2  
  46  4:52  SCV  
  52  4:53  Starport Reactor  
  52  4:58  Starport  
  52  5:01  Command Center  
  52  5:02  SCV x2  
  52  5:03  Engineering Bay  
  54  5:07  Factory Tech Lab x2  
  54  5:08  Supply Depot  
  54  5:13  Factory  
  50  5:14  Hellion  
  50  5:15  Hellion  
  50  5:16  SCV  
  50  5:17  SCV x2  
  57  5:23  Armory  
  58  5:28  SCV  
  58  5:30  SCV x2  
  58  5:34  Missile Turret  
  60  5:36  Hellion x2  
  60  5:38  Starport Tech Lab  
  60  5:40  SCV  
  60  5:42  SCV x2  
  67  5:47  Supply Depot  
  67  5:52  Supply Depot, SCV  
  67  5:54  SCV  
  67  5:56  SCV, Siege Tank  
  73  5:59  Supply Depot  
  73  6:02  Refinery  
  73  6:03  Refinery  
  73  6:04  SCV, Infernal Pre-Igniter  
  73  6:06  SCV  
  73  6:11  Supply Depot x2  
  75  6:12  Armory  
  75  6:14  Hellion  
  75  6:17  Viking  
  79  6:20  Orbital Command  
  79  6:23  SCV x2  
  81  6:26  SCV  
  82  6:35  SCV x2  
  82  6:37  Missile Turret  
  82  6:38  SCV  
  85  6:42  Missile Turret  
  85  6:47  Siege Tank x2  
  91  6:48  Hellion  
  91  6:49  Hellion  
  91  6:50  Banshee  
  91  6:51  Liberator x2  
  98  6:59  Terran Vehicle And Ship Armor Level 1, Missile Turret  
  96  7:07  Fusion Core  
  100  7:14  Supply Depot  
  100  7:16  Command Center, SCV x2, Liberator  
  102  7:28  Widow Mine x2  
  102  7:29  Widow Mine x2  
  106  7:31  Siege Tank  
  106  7:34  Missile Turret  
  106  7:35  SCV  
  117  7:37  SCV x2  
  117  7:39  Hellion  
  117  7:40  Terran Vehicle Weapons Level 1  
  117  7:41  SCV  
  117  7:43  Cloaking Field  
  122  7:47  SCV  
  122  7:49  SCV x2  
  122  7:50  Supply Depot  
  125  7:51  Starport  
  125  7:52  Liberator x2  
  125  7:53  SCV  
  126  7:59  SCV  
  126  8:01  SCV  
  128  8:11  Widow Mine x2  
  128  8:12  Hellion, Missile Turret  
  140  8:16  Banshee  
  143  8:20  Hellion x2  
  147  8:28  Siege Tank  
  147  8:29  Starport Tech Lab  
  147  8:30  Supply Depot  
  150  8:37  Command Center  
  144  8:41  Widow Mine x2  
  144  8:42  Hellion x2  
  144  8:48  Hellbat  
  154  8:51  Missile Turret  
  154  8:54  Terran Vehicle And Ship Armor Level 2, Missile Turret  
  154  8:57  Missile Turret  
  154  9:00  Banshee x2, Hellbat  
  154  9:02  Hyperflight Rotors  
  162  9:04  Hellbat x2  
  166  9:10  Supply Depot  
  166  9:18  Behemoth Reactor  
  166  9:19  Missile Turret  
  166  9:20  Missile Turret  
  166  9:21  Advanced Ballistics  
  168  9:24  Hellion x3  
  168  9:25  Hellion x3  
  178  9:34  Missile Turret  
  179  9:46  Hellion x4  
  179  9:52  Hellion, Refinery  
  185  9:53  Banshee, Hellion  
  185  9:54  Banshee  
  191  10:07  Hellion x2, Liberator  
  198  10:28  Liberator  
  194  10:44  Banshee x2  
  194  10:49  Liberator  
  189  10:50  Terran Vehicle Weapons Level 2  
  189  10:51  Missile Turret  
  189  11:00  Starport  
  189  11:03  Planetary Fortress  
  189  11:10  Liberator  
  95  11:11  Liberator  
  189  11:17  Missile Turret  
  189  11:18  Missile Turret x2  
  186  11:21  Missile Turret  
  186  11:22  Refinery  
  186  11:24  Refinery  
  186  11:26  Banshee  
  186  11:27  Missile Turret x2  
  186  11:28  Missile Turret  
  186  11:29  Hellion  
  186  11:30  Hellion  
  199  11:40  Missile Turret  
  157  11:57  Missile Turret  
  148  12:05  Missile Turret, Liberator x2  
  139  12:22  Banshee x2  
  145  12:24  SCV x2  
  147  12:43  Command Center  
  144  12:48  Liberator x3  
  144  12:49  Command Center  
  144  12:56  Starport Tech Lab  
  144  13:00  Command Center  
  144  13:02  Missile Turret  
  144  13:05  Banshee  
  156  13:20  Battlecruiser  
  156  13:26  Thor  
  171  13:30  Liberator  
  171  13:32  Liberator x2  
  168  13:50  Battlecruiser  
  168  13:53  Hellion x2  
  178  14:04  Planetary Fortress  
  178  14:05  Missile Turret  
  178  14:07  Planetary Fortress  
  178  14:08  Missile Turret  
  178  14:13  Command Center  
  157  14:33  Planetary Fortress  
  157  14:36  Missile Turret  
  157  14:37  Missile Turret  
  157  14:38  Missile Turret  
  154  14:39  Missile Turret x2  
  154  14:41  Missile Turret x2  
  154  14:46  Refinery  
  153  14:54  Hellion x3  
  153  14:55  Hellion x3  
  153  14:57  Missile Turret  
  153  14:59  Missile Turret  
  165  15:00  Refinery  
  165  15:01  Refinery  
  165  15:15  Hellion  
  165  15:16  Hellion x5  
  93  16:22  Command Center  
  92  16:29  Liberator x2  
  92  16:45  Banshee x3  
  107  16:47  Thor x2, Hellion  
  107  16:48  Hellion  
  117  17:02  Hellion x2  
  121  17:09  Hellion x2  
  121  17:10  Refinery  
  121  17:11  Refinery, Liberator x3  
  121  17:12  Liberator x2  
  125  17:23  Hellion x2  
  144  17:30  Thor x2, Hellion x2  
  160  17:40  Orbital Command  
  160  17:52  Planetary Fortress  
  160  17:53  Missile Turret, Liberator  
  160  17:54  Liberator x2  
  160  18:04  Widow Mine x4  
  177  18:13  Thor  
  174  18:30  Hellion  
  174  18:33  Hellion x2  
  174  18:34  Hellion x2  
  170  18:51  Hellion  
  170  18:55  Hellion x4  
  178  18:56  Hellion  
  178  19:06  Battlecruiser x2  
  178  19:07  Battlecruiser  
  188  19:13  Hellion  
  188  19:16  Hellion  
  192  19:25  Viking x2  
  192  19:28  Hellion x2  
  152  19:55  Viking  
  154  20:02  Hellion x5  
  154  20:03  Hellion  
  161  20:11  Battlecruiser  
  162  20:23  Hellion  
  162  20:24  Hellion x5  
  170  20:31  SCV x3  
  170  20:32  SCV  
  166  20:45  Hellion x6  
  141  22:35  Hellion x6  
  141  22:36  Battlecruiser x2  
  141  22:37  Battlecruiser  
  141  22:40  Viking x2  
  141  22:56  Hellion  
Show
View Real Time Build Order
Export as new Build Order

ViGiL Zerg 

Build Orders: Hatch First 

Get SALT Encoding   

  12  0:01  Drone  
  13  0:07  Drone  
  14  0:17  Overlord  
  14  0:35  Drone x3  
  17  0:52  Hatchery  
  17  0:57  Drone  
  17  1:01  Drone  
  17  1:04  Extractor  
  17  1:14  Spawning Pool  
  16  1:22  Drone x2  
  18  1:29  Drone  
  19  1:40  Overlord  
  19  1:51  Drone  
  20  2:03  Queen  
  20  2:04  Queen  
  20  2:05  Metabolic Boost  
  20  2:06  Zergling x2  
  25  2:10  Drone  
  25  2:15  Drone  
  27  2:17  Drone  
  28  2:38  Hatchery  
  27  2:46  Drone  
  27  2:49  Drone  
  27  2:50  Drone x3  
  32  2:53  Drone  
  33  3:00  Drone  
  34  3:07  Overlord  
  33  3:14  Lair  
  33  3:15  Drone x2  
  35  3:29  Roach Warren  
  35  3:32  Drone x3  
  35  3:33  Overlord  
  37  3:35  Drone  
  37  3:41  Drone  
  39  3:46  Overlord  
  39  3:50  Queen  
  39  3:54  Queen  
  43  3:56  Drone x3  
  43  3:59  Drone, Extractor  
  43  4:00  Drone  
  43  4:01  Extractor  
  46  4:04  Zergling x2  
  47  4:19  Infestation Pit  
  47  4:20  Drone x7  
  53  4:39  Overlord x2  
  53  4:40  Roach x3  
  53  4:41  Roach x3  
  65  4:47  Drone  
  66  4:52  Overlord  
  66  4:53  Overlord  
  66  4:57  Pathogen Glands  
  66  4:58  Evolution Chamber  
  66  4:59  Evolution Chamber  
  64  5:02  Drone x4  
  64  5:06  Glial Reconstitution  
  67  5:20  Drone x2  
  67  5:21  Drone  
  70  5:22  Drone  
  70  5:23  Drone x8  
  79  5:30  Zerg Missile Weapons Level 1  
  79  5:32  Extractor  
  79  5:35  Overlord x2, Zergling x4  
  80  5:43  Zerg Ground Armor Level 1  
  80  5:46  Drone  
  80  5:47  Drone  
  82  6:03  Baneling Nest  
  81  6:05  Drone, Extractor  
  81  6:06  Hatchery, Drone x7, Infestor  
  81  6:07  Drone  
  81  6:08  Drone, Extractor  
  81  6:10  Overlord  
  90  6:12  Overseer  
  90  6:22  Infestor  
  90  6:23  Drone  
  93  6:47  Hatchery  
  93  6:53  Roach  
  93  6:54  Infestor x2, Roach x3  
  100  6:55  Roach  
  100  6:56  Roach x2  
  100  6:57  Overlord x2, Zergling x6  
  100  6:58  Overlord  
  112  7:21  Queen  
  114  7:27  Roach x8  
  114  7:28  Extractor  
  129  7:30  Overlord x2  
  129  7:31  Roach x2  
  129  7:32  Roach  
  135  7:39  Hive  
  135  7:40  Zerg Ground Armor Level 2  
  135  7:42  Zerg Melee Weapons Level 1  
  135  7:48  Drone x5  
  135  7:49  Drone x2  
  142  7:57  Extractor  
  142  7:58  Roach x8  
  153  7:59  Roach  
  153  8:05  Drone x3  
  162  8:06  Drone x3  
  162  8:09  Overlord x2  
  162  8:10  Overlord  
  162  8:12  Burrow  
  165  8:13  Pneumatized Carapace  
  165  8:22  Roach  
  165  8:23  Roach x3  
  173  8:29  Centrifical Hooks  
  173  8:33  Roach x2  
  172  8:45  Overseer x2  
  172  8:48  Roach x7  
  176  8:49  Roach x5  
  176  8:50  Overlord x2  
  196  8:55  Spore Crawler  
  196  8:59  Spine Crawler  
  194  9:26  Adrenal Glands, Ultralisk Cavern  
  193  9:36  Zerg Missile Weapons Level 2  
  193  9:40  Hatchery  
  193  9:41  Overlord x3  
  193  9:44  Overseer  
  192  10:04  Zerg Ground Armor Level 3  
  190  10:21  Roach x3  
  194  10:22  Chitinous Plating  
  190  10:28  Neural Parasite  
  190  10:33  Queen  
  190  10:34  Queen  
  184  10:47  Spire, Queen  
  184  11:10  Queen  
  184  11:22  Ultralisk x2  
  184  11:24  Ravager x2  
  196  11:44  Overlord x3, Overseer  
  196  11:45  Overseer x2  
  192  11:51  Zerg Melee Weapons Level 2  
  144  12:01  Corruptor x3  
  144  12:02  Corruptor x7  
  144  12:03  Corruptor x2  
  152  12:16  Viper  
  152  12:17  Zergling x6  
  152  12:18  Zergling x6  
  135  12:24  Queen  
  113  12:39  Corruptor  
  113  12:40  Corruptor x5  
  113  12:41  Corruptor  
  131  12:45  Spore Crawler  
  131  12:46  Spore Crawler  
  131  12:47  Spore Crawler  
  127  12:54  Zergling x20  
  127  12:55  Zergling x26  
  127  12:56  Queen  
  140  13:22  Drone x5  
  140  13:23  Drone x13  
  140  13:26  Baneling  
  157  13:27  Baneling x15  
  157  13:28  Baneling x20  
  157  13:51  Ultralisk x2  
  169  14:00  Queen  
  171  14:02  Extractor  
  170  14:11  Extractor  
  170  14:12  Ultralisk  
  170  14:13  Ultralisk  
  166  14:37  Ultralisk  
  166  14:38  Ultralisk x2, Zergling x2  
  184  14:39  Zergling x12  
  184  14:40  Queen  
  184  14:41  Drone x2  
  184  14:42  Drone x5  
  184  15:23  Corruptor x5  
  177  15:30  Hatchery  
  166  15:48  Greater Spire  
  166  15:51  Spire  
  162  16:08  Drone x7  
  160  16:29  Corruptor x6  
  159  16:57  Overlord x4  
  159  16:59  Hatchery, Overseer, Extractor  
  159  17:00  Extractor  
  150  17:18  Extractor  
  150  17:19  Infestor, Extractor  
  150  17:20  Infestor x3  
  150  17:21  Corruptor x3  
  150  17:22  Corruptor  
  164  17:24  Zerg Flyer Weapons Level 1  
  164  17:25  Zerg Flyer Armor Level 1  
  164  17:27  Zerg Melee Weapons Level 3, Zerg Missile Weapons Level 3  
  164  17:39  Brood Lord x4  
  164  17:42  Overseer x2  
  171  18:11  Brood Lord x3  
  171  18:12  Zergling x6  
  173  18:13  Drone  
  173  18:14  Drone x15  
  173  18:15  Drone x4  
  193  18:33  Spore Crawler  
  192  18:38  Overseer  
  186  19:06  Corruptor x3  
  186  19:07  Corruptor x2  
  195  19:11  Spine Crawler  
  195  19:12  Spine Crawler  
  193  19:20  Queen  
  193  19:23  Spore Crawler  
  194  19:24  Spine Crawler  
  194  19:25  Spore Crawler  
  194  19:26  Drone x2  
  194  19:27  Drone x2, Spine Crawler  
  132  19:38  Corruptor  
  132  19:39  Corruptor x13  
  132  19:50  Corruptor x2  
  125  19:53  Zergling x2  
  125  19:54  Zergling x26  
  131  20:15  Zergling x2  
  131  20:17  Zergling x8  
  131  20:18  Zergling x26  
  99  20:44  Corruptor x3  
  99  20:45  Corruptor x4  
  106  21:06  Ultralisk, Corruptor x2  
  73  21:54  Corruptor x4  
Tags
 
Add a new tag
Caveats
  • Supply blocks, unpowered buildings, or Contaminate may cause inaccurate times.
  • Supply counts are checked every 10 seconds.